 Dungeon Crawl Stone Soup version 0.28.0-43-g3370ac3207 (webtiles) character file.

Game seed: 3601205584630985110

34774 Kaptain the Fighter (level 13, -9/117 HPs)
             Began as a Yellow Draconian Earth Elementalist on Mar 26, 2022.
             Mangled by a seven-headed hydra (11 damage)
             ... on level 5 of the Lair of Beasts.
             The game lasted 00:41:52 (21743 turns).

Kaptain the Fighter (DrEE)                         Turns: 21743, Time: 00:41:53

Health: -9/117     AC: 13    Str: 11    XL:     13   Next: 44%
Magic:  3/27       EV: 14    Int: 26    God:
Gold:   770        SH:  0    Dex: 12    Spells: 21/32 levels left

rFire   . . .      SeeInvis .   m - +10 dagger "Mydduuro" {venom, rCorr}
rCold   + . .      Faith    .   (no shield)
rNeg    + . .      Spirit   .   (armour unavailable)
rPois   +          Reflect  .   (helmet restricted)
rElec   .          Harm     .   k - +0 cloak
rCorr   +          Rampage  .   f - +2 pair of gloves
Will    .....                   z - +0 pair of boots
Stlth   ++........              (no amulet)
HPRegen 0.29/turn               r - +6 ring of intelligence
MPRegen 0.20/turn               e - ring of Vumeun {Fly rPois rC+ rN+}

@: flying
A: spit acid, AC +8, unfitting armour, cold-blooded, acid resistance
a: Breathe Acid


You were on level 5 of the Lair of Beasts.
You visited 3 branches of the dungeon, and saw 16 of its levels.
You also visited: Sewer and Volcano.

You collected 870 gold pieces.
You spent 100 gold pieces at shops.

Inventory:

Hand Weapons
 l - a +2 mace of protection
 m - the +10 dagger "Mydduuro" (weapon) {venom, rCorr}
   (You found it on level 2 of the Dungeon)

   It poisons the flesh of those it strikes.
   rCorr:     It protects you from acid and corrosion.
 A - a +2 rapier of speed
 C - a +2 demon trident of venom
 E - a +2 broad axe of flaming
 N - a +2 shortbow of flaming
Missiles
 b - 269 stones
 w - a throwing net
 D - 5 silver javelins
 O - 156 arrows
Armour
 f - a +2 pair of gloves (worn)
 k - a +0 cloak (worn)
 z - a +0 pair of boots (worn)
Magical Staves
 x - a staff of air
Jewellery
 e - the ring of Vumeun (right hand) {Fly rPois rC+ rN+}
   (You acquired it on level 5 of the Dungeon)

   [ring of protection from cold]

   rC:        It protects you from cold.
   rPois:     It protects you from poison.
   rN:        It protects you from negative energy.
   Fly:       It grants you flight.
 h - a ring of ice
 o - a ring of poison resistance
 r - a +6 ring of intelligence (left hand)
Wands
 d - a wand of digging (4)
 p - a wand of flame (27)
 y - a wand of iceblast (9)
 F - a wand of acid (5)
 L - a wand of paralysis (2)
Scrolls
 i - 4 scrolls of identify
 j - a scroll of amnesia
 n - 11 scrolls of teleportation
 q - 2 scrolls of fog
 t - 3 scrolls of immolation
 G - a scroll of magic mapping
 H - 2 scrolls of blinking
 I - a scroll of enchant armour
 K - a scroll of acquirement
 P - a scroll of fear {unknown}
Potions
 a - 3 potions of curing
 c - 4 potions of haste
 g - 2 potions of brilliance
 s - 4 potions of resistance
 u - 4 potions of mutation
 v - 4 potions of might
 B - a potion of berserk rage
 J - 2 potions of invisibility
 M - 2 potions of cancellation


   Skills:
 * Level 11.8 Fighting
 + Level 7.3 Dodging
 + Level 3.6 Stealth
 * Level 10.3 Spellcasting
 * Level 10.9 Conjurations
 + Level 3.3 Transmutations
 * Level 11.4 Earth Magic


You had 21 spell levels left.
You knew the following spells:

 Your Spells              Type           Power      Damage    Failure   Level
a - Sandblast             Erth           100%       2d20      1%          1
b - Stone Arrow           Conj/Erth      100%       3d13      1%          3
c - Beastly Appendage     Tmut           60%        N/A       1%          1
d - Wereblood             Tmut           30%        N/A       1%          2
e - Blink                 Tloc           26%        N/A       7%          2
f - Passwall              Tmut/Erth      42%        N/A       1%          2

Your spell library contained the following spells:

 Spells                   Type           Power      Damage    Failure   Level
 Petrify                  Tmut/Erth      51%        N/A       2%          4
 Animate Skeleton         Necr           26%        N/A       4%          1
 Apportation              Tloc           26%        N/A       4%          1
 Summon Small Mammal      Summ           52%        N/A       4%          1
 Spider Form              Tmut/Pois      22%        N/A       7%          3
 Gell's Gravitas          Tloc           13%        N/A       14%         3
 Lesser Beckoning         Tloc           13%        N/A       14%         3
 Ozocubu's Armour         Ice            13%        N/A       14%         3
 Teleport Other           Tloc           13%        N/A       14%         3
 Passage of Golubria      Tloc           13%        N/A       41%         4
 Manifold Assault         Tloc           13%        N/A       77%         5
 Dispersal                Tloc           6%         N/A       100%        6
 Ozocubu's Refrigeration  Ice            6%         4d6       100%        7
 Disjunction              Tloc           6%         N/A       100%        8
 Chain Lightning          Conj/Air       20%        3d27      100%        9
 Fire Storm               Conj/Fire      20%        8d5       100%        9
 Shatter                  Erth           32%        3d26*     100%        9


Dungeon Overview and Level Annotations

Branches:
Dungeon (10/15)            Temple (1/1) D:7            Lair (5/6) D:10
 Shoals (0/4) Lair:4       Spider (0/4) Lair:4          Orc (0/2) D:10
  Sewer (visited)         Volcano (visited)
  Slime: Lair:5-6

Altars:
Ashenzari
Cheibriados
Dithmenos
Elyvilon
Fedhas
Gozag
Hepliaklqana
Kikubaaqudgha
Makhleb
Nemelex Xobeh
Okawaru
Qazlal
Ru
Sif Muna
Trog
Uskayaw
Vehumet
Wu Jian
Xom
Yredelemnul
Zin
The Shining One

Shops:
D:2 !!

Annotations:
D:8 3 runed translucent doors
Lair:4 Josephine


Innate Abilities, Weirdness & Mutations

You can spit globs of acid.
Your golden yellow scales are hard. (AC +8)
You cannot fit into any form of body armour.
You are cold-blooded and may be slowed by cold attacks.
You are resistant to acid. (rCorr)


Message History

The stone arrow hits the six-headed hydra!
The six-headed hydra is heavily wounded.
The six-headed hydra bites you. x2; The six-headed hydra barely misses you.
The six-headed hydra closely misses you. x3
Casting: Stone Arrow (safe; 1% risk of failure)
Confirm with . or Enter, or press ? or * to list all spells.
Aiming: Stone Arrow (safe; 1% risk of failure)
Press: ? - help, Shift-Dir - straight line, f/p - six-headed hydra
Aim: a six-headed hydra (heavily wounded, 92% to hit)
The stone arrow hits the six-headed hydra!!
The six-headed hydra is almost dead.
The six-headed hydra closely misses you.
The six-headed hydra bites you!
* * * LOW HITPOINT WARNING * * *
The six-headed hydra closely misses you. x2
The six-headed hydra barely misses you.
The six-headed hydra completely misses you.
Casting: Stone Arrow (safe; 1% risk of failure)
Confirm with . or Enter, or press ? or * to list all spells.
Aiming: Stone Arrow (safe; 1% risk of failure)
Press: ? - help, Shift-Dir - straight line, f/p - six-headed hydra
Aim: a six-headed hydra (almost dead, 92% to hit)
The stone arrow hits the six-headed hydra!!
You kill the six-headed hydra!
Casting: Stone Arrow (safe; 1% risk of failure)
Confirm with . or Enter, or press ? or * to list all spells.
Aiming: Stone Arrow (safe; 1% risk of failure)
Press: ? - help, Shift-Dir - straight line, f - seven-headed hydra
Aim: a seven-headed hydra (92% to hit)
The stone arrow hits the seven-headed hydra!!
The seven-headed hydra is moderately wounded.
The seven-headed hydra bites you!
* * * LOW HITPOINT WARNING * * *
The seven-headed hydra misses you. The seven-headed hydra bites you.
* * * LOW HITPOINT WARNING * * *
The seven-headed hydra bites you!
* * * LOW HITPOINT WARNING * * *
The seven-headed hydra completely misses you. x2
The seven-headed hydra bites you!
You die...

..........# ##.........
.........#### #...#......
.........##P####P.........
...............#..........
.........................
.........................
.##......###...#.P....##.
.#.......##....D#.....###.##
.........###...#@#...#.....##
..............P###..........#
...........#..###..........###
.............###.............#
.............#รท...........#.#
........S.....#............#
....######.............##
...########...###.......#
..###โ‰ˆโ‰ˆโ‰ˆ#
#######.....###


You could see a seven-headed hydra.

Vanquished Creatures
  2 boulder beetles
  6 hydras
  Harold (D:9)
  2 centaur warriors
  4 two-headed ogres
  A hell knight (Volcano)
  Urug (Lair:1)
  Pikel (D:7)
  2 black mambas
  A torpor snail (Lair:4)
  15 cane toads
  2 gargoyles
  A yaktaur (Volcano)
  5 komodo dragons
  A polar bear (Lair:5)
  A troll (D:9)
  Grinder (D:3)
  8 blink frogs
  Sigmund (D:4)
  A wraith (Lair:4)
  19 yaks
  6 wyverns
  2 steam dragons
  9 basilisks
  Menkaure (D:4)
  14 water moccasins
  An ice beast (D:6)
  8 orc warriors
  4 black bears
  A swamp drake (D:10)
  The ghost of chujev the Skirmisher, an amateur TrFi (D:3)
  A sky beast (D:8)
  A necrophage (D:7)
  9 centaurs
  An ogre (D:7)
  14 wolves
  2 lemures (D:7)
  3 phantoms
  7 kobold brigands
  16 bullfrogs
  7 scorpions
  4 killer bees (D:10)
  A water moccasin skeleton (D:5)
  9 wights
  A howler monkey (D:9)
  The ghost of dangdung the Insei, a weakling OpTm (D:3)
  2 electric eels (Lair:5)
  2 centaur zombies
  2 hounds
  Crazy Yiuf (D:7)
  2 bullfrog skeletons
  6 orc priests
  2 iguanas
  Natasha (thrice) (D:3)
  2 centaur skeletons
  3 hell rats (Lair:3)
  15 orc wizards
  A killer bee zombie (D:7)
  A howler monkey zombie (D:6)
  11 adders
  2 howler monkey skeletons
  2 river rats (Sewer)
  2 shadow imps
  3 worms
  2 dart slugs
  56 orcs
  4 ball pythons
  2 bats (D:3)
  6 endoplasms
  8 giant cockroaches
  A goblin (D:3)
  4 hobgoblins
  6 jackals (D:1)
  21 kobolds
  2 frilled lizards
  4 rats
378 creatures vanquished.

Vanquished Creatures (collateral kills)
  An ice beast (D:5)
  A black bear (D:5)
2 creatures vanquished.

Vanquished Creatures (others)
  Ijyb (D:3)
  2 hell rats (Lair:3)
  A bat (D:3)
  16 fungi
  38 plants
  4 withered plants (D:3)
62 creatures vanquished.

Grand Total: 442 creatures vanquished

Notes
Turn   | Place    | Note
-------+----------+-------------------------------------------
     0 | D:1      | Kaptain the Draconian Earth Elementalist began the quest
                  | for the Orb.
     0 | D:1      | Reached XP level 1. HP: 14/14 MP: 3/3
   245 | D:1      | Reached XP level 2. HP: 19/22 MP: 1/5
   326 | D:1      | Found a faded altar of an unknown god.
   640 | D:1      | Reached skill level 1 in Fighting
   962 | D:2      | Reached skill level 1 in Conjurations
  1008 | D:2      | Found Guwohont's Distillery.
  1022 | D:2      | Bought a potion of degeneration for 12 gold pieces
  1200 | D:2      | Identified the +10 dagger "Mydduuro" {venom, rCorr}
  1316 | D:2      | Reached XP level 3. HP: 28/28 MP: 6/6
  1320 | D:2      | Learned a level 3 spell: Stone Arrow
  1320 | D:2      | Found Meoni's Distillery.
  1564 | D:3      | Noticed Natasha
  1580 | D:3      | Killed Natasha
  1631 | D:3      | Noticed Natasha
  1639 | D:3      | Killed Natasha
  1640 | D:3      | Reached XP level 4. HP: 13/36 MP: 1/7
  1684 | D:3      | Noticed Natasha
  1688 | D:3      | Killed Natasha
  1848 | D:3      | Reached XP level 5. HP: 41/41 MP: 9/9
  2209 | D:3      | Found a radiant altar of Vehumet.
  2412 | D:3      | Found a runed translucent gate.
  2412 | D:3      | Found a runed translucent gate.
  2414 | D:3      | Found a runed translucent gate.
  2417 | D:3      | Noticed dangdung's ghost (weakling OpTm)
  2417 | D:3      | Noticed chujev's ghost (amateur TrFi)
  2563 | D:4      | Reached XP level 6. HP: 42/50 MP: 10/10
  2574 | D:4      | Noticed Menkaure
  2583 | D:4      | Killed Menkaure
  2799 | D:2      | Bought a potion of mutation for 88 gold pieces
  3017 | D:4      | Found a shimmering blue altar of Sif Muna.
  3167 | D:4      | Noticed Sigmund
  3186 | D:4      | Killed Sigmund
  3187 | D:4      | Your scales start taking on a golden yellow colour.
  3187 | D:4      | Reached XP level 7. HP: 33/58 MP: 2/12
  3187 | D:4      | Gained mutation: You are resistant to acid. (rCorr) [Yellow
                  | Draconian growth]
  3476 | D:5      | Entered Level 5 of the Dungeon
  3497 | D:5      | Reached skill level 5 in Earth Magic
  3531 | D:5      | Identified the +1 ring mail of Oxteeg {Harm}
  3540 | D:5      | Identified a scroll of acquirement
  3540 | D:5      | Acquired the ring of Vumeun {Fly rPois rC+ rN+}
  3619 | D:5      | Found a glowing drain.
  3651 | Sewer    | Entered a sewer
  3755 | Sewer    | Reached XP level 8. HP: 67/67 MP: 4/14
  4224 | Sewer    | Reached skill level 5 in Fighting
  4461 | D:5      | Reached skill level 5 in Spellcasting
  4610 | D:5      | Noticed a torpor snail
  4614 | D:5      | Found a snail-covered altar of Cheibriados.
  4614 | D:5      | Noticed a torpor snail
  4616 | D:5      | Noticed a torpor snail
  4685 | D:5      | Reached skill level 5 in Conjurations
  5331 | D:6      | Noticed a +0 spear
  5332 | D:6      | Noticed a +0 falchion
  5332 | D:6      | Noticed a +0 short sword
  5332 | D:6      | Noticed a +0 dagger
  5333 | D:6      | Noticed a +0 dagger
  5333 | D:6      | Noticed a +0 short sword
  5333 | D:6      | Noticed a +0 falchion
  5334 | D:6      | Noticed a +0 spear
  5347 | D:6      | Found a hide-covered altar of Uskayaw.
  5408 | D:6      | Reached XP level 9. HP: 72/75 MP: 8/17
  5918 | D:6      | Noticed a gargoyle
  5923 | D:6      | Killed a gargoyle
  6447 | D:7      | Found a staircase to the Ecumenical Temple.
  6465 | Temple   | Entered the Ecumenical Temple
  6747 | D:7      | Found a runed translucent door.
  6748 | D:7      | Noticed Crazy Yiuf
  6753 | D:7      | Killed Crazy Yiuf
  6892 | D:7      | Noticed a boulder beetle
  7064 | D:7      | Killed a boulder beetle
  7065 | D:7      | Reached XP level 10. HP: 71/86 MP: 4/19
  7416 | D:7      | Noticed Pikel
  7442 | D:7      | Killed Pikel
  7695 | D:7      | Reached skill level 5 in Dodging
  7851 | D:7      | Found a shadowy altar of Dithmenos.
  8109 | D:8      | Noticed a two-headed ogre
  8129 | D:8      | Killed a two-headed ogre
  8785 | D:8      | Found a sparkling altar of Nemelex Xobeh.
  9186 | D:8      | Found a runed translucent gate.
  9186 | D:8      | Found a runed translucent gate.
  9186 | D:8      | Found a runed translucent gate.
  9188 | D:8      | Noticed a green ugly thing
  9188 | D:8      | Noticed a purple ugly thing
  9190 | D:8      | Noticed a purple ugly thing
  9190 | D:8      | Noticed a white ugly thing
  9263 | D:9      | Noticed a two-headed ogre
  9266 | D:9      | Killed a two-headed ogre
  9268 | D:9      | Noticed Harold
  9278 | D:9      | Killed Harold
  9280 | D:9      | Reached XP level 11. HP: 93/95 MP: 1/22
  9723 | D:9      | Found a hazy altar of Hepliaklqana.
 10489 | D:10     | Entered Level 10 of the Dungeon
 10895 | D:10     | Noticed a centaur warrior
 10908 | D:10     | Killed a centaur warrior
 11478 | D:10     | Found a staircase to the Lair.
 12481 | D:10     | Found a staircase to the Orcish Mines.
 12527 | D:10     | Noticed a two-headed ogre
 12527 | D:10     | Noticed a two-headed ogre
 12582 | Lair:1   | Entered Level 1 of the Lair of Beasts
 12673 | Lair:1   | Learned a level 1 spell: Beastly Appendage
 12676 | Lair:1   | Learned a level 2 spell: Wereblood
 12746 | Lair:1   | Noticed Urug
 12762 | Lair:1   | Killed Urug
 13433 | Lair:1   | Reached skill level 10 in Fighting
 13651 | Lair:1   | Reached XP level 12. HP: 92/106 MP: 22/24
 14303 | Lair:2   | Reached skill level 10 in Earth Magic
 14616 | Lair:2   | Noticed a seven-headed hydra
 14637 | Lair:2   | Killed a seven-headed hydra
 15305 | Lair:2   | Noticed a four-headed hydra
 15311 | Lair:2   | Killed a four-headed hydra
 15619 | Lair:2   | Learned a level 2 spell: Blink
 15675 | Lair:3   | Found a dark tunnel.
 15684 | Volcano  | Entered a volcano
 15768 | Volcano  | Noticed a centaur warrior
 15771 | Volcano  | Found a radiant altar of Vehumet.
 15776 | Volcano  | Killed a centaur warrior
 15957 | Volcano  | Reached skill level 10 in Conjurations
 16266 | Lair:3   | Noticed a four-headed hydra
 16273 | Lair:3   | Killed a four-headed hydra
 16400 | Lair:3   | Identified the +0 ring mail of Sorcery {Harm rPois Will+
                  | Regen+}
 16577 | Lair:3   | Noticed a five-headed hydra
 16583 | Lair:3   | Killed a five-headed hydra
 16757 | Lair:3   | Noticed a seven-headed hydra
 16803 | Lair:3   | HP: 3/109 [cane toad (11)]
 17571 | Lair:3   | Killed a seven-headed hydra
 17762 | D:10     | Killed a two-headed ogre
 17773 | D:10     | Killed a two-headed ogre
 17774 | D:10     | Reached XP level 13. HP: 37/116 MP: 6/26
 18414 | D:3      | Noticed Ijyb
 18423 | D:3      | Killed Ijyb
 18604 | D:3      | Killed dangdung's ghost
 18608 | D:3      | Killed chujev's ghost
 18717 | D:3      | Noticed Grinder
 18725 | D:3      | Killed Grinder
 18895 | D:8      | Learned a level 2 spell: Passwall
 19079 | Lair:4   | Found a hole to the Spider Nest.
 19572 | Lair:4   | Found a staircase to the Shoals.
 19641 | Lair:4   | Reached skill level 10 in Spellcasting
 19850 | Lair:4   | Noticed Josephine
 21467 | Lair:5   | Got the Compendium of the Traveller
 21743 | Lair:5   | HP: 2/117 [seven-headed hydra (13)]
 21743 | Lair:5   | Mangled by a seven-headed hydra

Illustrated notes

Levels and vault maps discovered:
D:1:      grunt_arrival_lava_bath, layout_basic,
          hellmonk_ecumenical_altar_dog_temple
D:2:      layout_loops_ring, serial_shops, nicolae_square_shop, shop_statue
D:3:      minmay_angry_zag, layout_loops_cross, fiery_altar_vehumet,
          gammafunk_ghost_cemetery, kennysheep_cluttered_room,
          serial_park_tiny_1, uniq_grinder, uniq_natasha, uniq_ijyb
D:4:      layout_rooms, led_sif_pool, uniq_menkaure, uniq_sigmund
D:5:      layout_basic, cheibriados_altar_2, gup_sewer_entry_glass
D:6:      layout_cave_pools, nicolae_uskayaw_en_pointe, serial_park_tiny_pond
D:7:      layout_gridville, lemuel_coloured_pillars_altar,
          minmay_temple_entry_grid, uniq_crazy_yiuf_cottage, uniq_pikel
D:8:      layout_basic, nemelex_xobeh_ov_fountains_minmay,
          ploomutoo_gammafunk_ghost_potion_laboratory, st_stairs_3
D:9:      layout_gridville, lemuel_tele_altar, uniq_harold
D:10:     layout_basic, minmay_lair_entry_grove, erik_orc_1, grunt_decor_clamped
Temple:   eino_wide_crystal_templ
Lair:1:   layout_loops_ring, grunt_megastairs_3, uniq_urug
Lair:2:   layout_regular_city, grunt_megastairs_1
Lair:3:   layout_cave_shapes, nicolae_volcano_entry_hallway, grunt_megastairs_5
Lair:4:   layout_cave_shapes, shoals_dummy_entry,
          nicolae_spider_entry_non_spiders, uniq_josephine
Lair:5:   layout_gridlike, basic_altar, cheibrodos_lair_caveside_slide,
          grunt_megastairs_2, serial_bayou_shore_a, uniq_sonja

Skill      XL: |  1  2  3  4  5  6  7  8  9 10 11 12 13 |
---------------+----------------------------------------+-----
Fighting       | 1 2 3 4 5 7 8 10 11 | 11.8
Conjurations   | 1 2 3 4 5 6 7 9 10 | 10.9
Dodging        | 2 3 4 5 6 7 |  7.3
Spellcasting   | 3 4 5 6 7 8 9 10 | 10.3
Earth Magic    | 4 5 6 7 8 9 11 | 11.4
Stealth        | 3 |  3.6
Transmutations | 2 3 |  3.3

Action                   |  1- 3 |  4- 6 |  7- 9 | 10-12 | 13-15 || total
-------------------------+-------+-------+-------+-------+-------++-------
Melee: Short sword       |    24 |       |       |       |       ||    24
       Punch             |     1 |     3 |     2 |     6 |     1 ||    13
       Dagger            |    12 |    75 |    84 |   346 |    79 ||   596
       Tailslap          |     4 |    10 |     7 |    53 |    15 ||    89
       Headbutt          |       |       |       |     3 |       ||     3
       Kick              |       |       |       |     2 |       ||     2
 Cast: Sandblast         |    29 |    11 |    36 |    25 |    11 ||   112
       Stone Arrow       |       |     5 |    68 |   219 |   104 ||   396
       Beastly Appendage |       |       |       |     4 |       ||     4
       Wereblood         |       |       |       |     3 |       ||     3
  Use: Potion            |       |     1 |     7 |     7 |     1 ||    16
       Scroll            |       |       |    12 |     7 |       ||    19
 Stab: Sleeping          |     1 |     1 |     1 |       |     1 ||     4
       Invisible         |       |       |       |     1 |       ||     1
Armor: Skin              |    16 |    30 |    47 |   228 |    67 ||   388
Dodge: Dodged            |    39 |    50 |    81 |   339 |   137 ||   646
